 Dungeon Crawl Stone Soup version 0.30-a0-373-gd37427bb62 (webtiles) character file.

Game seed: 6203813436153488451

161 bande the Covered (level 5, -5/33 HPs)
             Began as a Gargoyle Fighter on Nov 24, 2022.
             Slain by a gnoll
             ... wielding a +0 halberd
              (11 damage)
             ... on level 3 of the Dungeon.
             The game lasted 00:04:08 (2867 turns).

bande the Covered (Gargoyle Fighter)                Turns: 2867, Time: 00:04:09

Health: -5/33      AC: 11    Str: 19    XL:     5   Next: 42%
Magic:  5/5        EV:  5    Int:  9    God:
Gold:   145        SH: 12    Dex: 11    Spells: 4/4 levels left

rFire   + . .      SeeInvis .    a - +1 war axe
rCold   . . .      Faith    .    p - +0 tower shield
rNeg    + . .      Spirit   .    b - +0 scale mail
rPois   ∞          Reflect  .    (no helmet)
rElec   +          Harm     .    (no cloak)
rCorr   .          Rampage  .    (no gloves)
Will    +....                    (no boots)
Stlth   ..........               (no amulet)
HPRegen 0.25/turn                g - ring of protection from fire
MPRegen 0.09/turn                n - ring of willpower

@: no status effects
A: sickness immunity, AC +4, negative energy resistance 1, electricity
resistance, torment resistance 1, petrification resistance
a: no special abilities


You were on level 3 of the Dungeon.
You visited 1 branch of the dungeon, and saw 3 of its levels.

You collected 145 gold pieces.

Inventory:

Hand Weapons
 a - a +1 war axe (weapon)
 c - a +0 flail
Armour
 b - a +0 scale mail (worn)
 p - a +0 tower shield (worn)
Jewellery
 e - a ring of fire
 g - a ring of protection from fire (left hand)
 n - a ring of willpower (right hand)
Scrolls
 f - a scroll of identify
 l - a scroll of enchant armour {unknown}
Potions
 d - a potion of might
 h - a potion of lignification {unknown}
 i - a potion of heal wounds {unknown}
 j - a potion of curing
 k - a potion of ambrosia


   Skills:
 + Level 4.1 Fighting
 + Level 3.4 Axes
 + Level 4.2 Armour
 + Level 4.0 Shields


You had 4 spell levels left.
You didn't know any spells.
Your spell library contained the following spells:

 Spells                   Type           Power      Damage    Failure   Level
 Ensorcelled Hibernation  Hex/Ice        0%         N/A       100%        2
 Spider Form              Tmut/Pois      0%         N/A       100%        3
 Anguish                  Hex/Necr       0%         N/A       100%        4


Dungeon Overview and Level Annotations

Branches:
Dungeon (3/15)

Altars:
Ashenzari


Innate Abilities, Weirdness & Mutations

You are immune to sickness and miasma.
Your stone body is resilient. (AC +4)
You are immune to poison.
You resist negative energy. (rN+)
You are resistant to electric shocks. (rElec)
You are resistant to unholy torment.
You are immune to petrification.


Message History

You miss the adder. You completely miss the frilled lizard.
The adder bites you but does no damage.
The frilled lizard bites you but does no damage.
The adder barely misses you. You block the adder's attack.
The gnoll barely misses you. You block the frilled lizard's attack.
You block the adder's attack.
You closely miss the adder. You miss the frilled lizard. You slash the adder!
The adder bites you but does no damage. x2; The gnoll barely misses you.
The frilled lizard bites you but does no damage.
The adder bites you. x2; You block the gnoll's attack.
The frilled lizard closely misses you. You block the adder's attack.
Unknown command.
You closely miss the adder. You hit the frilled lizard.
You kill the frilled lizard!
You slash the adder!
You kill the adder!
You block the adder's attack.
The gnoll hits you from afar with a +0 halberd.
The adder bites you but does no damage.
You closely miss the adder. You slash the endoplasm!
You kill the endoplasm!
The adder bites you but does no damage.
The gnoll hits you from afar with a +0 halberd. x2
The adder bites you but does no damage.
Unknown command.
You barely miss the adder. You block the adder's attack.
The gnoll hits you from afar with a +0 halberd!
The adder bites you but does no damage. You block the gnoll's attack.
Unknown command.
You miss the adder. You block the adder's attack. The adder bites you.
* * * LOW HITPOINT WARNING * * *
You block the gnoll's attack. The adder bites you but does no damage.
The gnoll closely misses you.
You slash the adder!
You kill the adder!
The gnoll hits you from afar with a +0 halberd.
* * * LOW HITPOINT WARNING * * *
Your Shields skill increases to level 4!
The gnoll hits you from afar with a +0 halberd!
You die...

..####))).#...##..# #.#
### #....#...###.# #.#
######....##..###.# #.#
#........###......# #.#
#....#...# ##.....# #.#
##### #....#...#
###...# #.# #....
#...##..##
####.######.####.##.
#.####..#
####.)..#...........#.#
.......##
#.....@.####.....###.##
......## .....g...#
##...###(## ....###
.........# ##.## ##.##
.#### ####.###.# #.#
##.# ## ... #.# #.# #..
... #.# ##'## #.# #...
.# ##...## #.# ... .#
##.....## #.#
##.......###.#


You could see a gnoll.

Vanquished Creatures
  5 gnolls
  2 adders (D:3)
  A worm (D:3)
  3 dart slugs
  9 ball pythons
  7 bats
  10 endoplasms
  4 giant cockroaches
  7 goblins
  5 hobgoblins
  7 jackals
  4 quokkas
  4 frilled lizards
  5 kobolds
  8 rats
81 creatures vanquished.

Notes
Turn   | Place    | Note
-------+----------+-------------------------------------------
     0 | D:1      | bande the Gargoyle Fighter began the quest for the Orb.
     0 | D:1      | Reached XP level 1. HP: 14/14 MP: 1/1
    43 | D:1      | Reached XP level 2. HP: 10/19 MP: 2/2
   688 | D:1      | Reached XP level 3. HP: 23/23 MP: 3/3
   947 | D:2      | Found a faded altar of an unknown god.
  1087 | D:2      | Reached XP level 4. HP: 29/29 MP: 4/4
  1297 | D:2      | Found a broken altar of Ashenzari.
  2589 | D:3      | Reached XP level 5. HP: 33/33 MP: 5/5
  2867 | D:3      | Slain by a gnoll

Illustrated notes

Levels and vault maps discovered:
D:1:      dpeg_arrival_tiny_a, layout_basic, hangedman_decor_lopped
D:2:      layout_rooms, basic_altar, basic_ecumenical_altar
D:3:      minmay_recursive_quarters, layout_loops_corners, minmay_crystal_water,
          chequers_serial_rivers_marsh, minmay_fountain_box, grunt_ministairs_14

Skill      XL: |  1  2  3  4  5 |
---------------+----------------+-----
Axes           | 2 3 |  3.4
Armour         | 4 |  4.2
Fighting       | 4 |  4.1
Shields        | 4 |  4.0

Action                   |  1- 3 |  4- 6 || total
-------------------------+-------+-------++-------
Melee: War axe           |    88 |    86 ||   174
  Use: Scroll            |       |     7 ||     7
Armor: Scale mail        |    72 |    46 ||   118
Dodge: Dodged            |    82 |    22 ||   104
Block: Buckler           |    37 |       ||    37
       Tower shield      |       |    69 ||    69

Table legend: (Time is in decaauts)
 A = Elapsed time spent in this place.
 B = Non-inter-level travel time spent in this place.
 C = Inter-level travel time spent in this place.
 D = Time resting spent in this place.
 E = Time spent auto-exploring this place.
 F = Levels seen in this place.
 G = Mean time per level.
                   A        B        C        D        E       F      G
               +--------+--------+--------+--------+--------+-----+--------+
         Total |   2971 |   2971 |      0 |    857 |   1490 |   3 |  990.3 |
       Dungeon |   2971 |   2971 |      0 |    857 |   1490 |   3 |  990.3 |
               +--------+--------+--------+--------+--------+-----+--------+

Top non-repeatable levels by time:
     D:2: 1356 daAuts
     D:3: 814 daAuts
     D:1: 800 daAuts
